 Dungeon Crawl Stone Soup version 0.26.1-11-gd32895ea62 (webtiles) character file.

Game seed: 8451385824866290623

31 RepoMan the Chiller (level 3, 0/26 HPs)
             Began as a Formicid Ice Elementalist on June 15, 2021.
             Slain by a gnoll
             ... wielding a +0 halberd
              (18 damage)
             ... on level 2 of the Dungeon.
             The game lasted 00:07:33 (964 turns).

RepoMan the Chiller (Formicid Ice Elementalist)      Turns: 964, Time: 00:07:35

Health: 0/26       AC:  5    Str: 12    XL:     3   Next: 40%
Magic:  4/6        EV: 10    Int: 15    God:
Gold:   56         SH:  0    Dex: 11    Spells: 6/7 levels left

rFire    . . .     SeeInvis +   h - +0 club
rCold    . . .     Faith    .   (no shield)
rNeg     . . .     Spirit   .   d - +0 ring mail
rPois    .         Reflect  .   (helmet unavailable)
rElec    .         Harm     .   (no cloak)
rCorr    .         Rampage  .   (no gloves)
Will     .....                  (no boots)
Stlth    +.........             (no amulet)
HPRegen  0.08/turn              k - ring of see invisible
MPRegen  0.10/turn              (no ring)

@: very slightly contaminated
A: permanent stasis, dig shafts and tunnels, four strong arms, antennae 3
a: Dig, Shaft Self


You were on level 2 of the Dungeon.
You visited 1 branch of the dungeon, and saw 2 of its levels.

You collected 56 gold pieces.

Inventory:

Hand Weapons
 h - a +0 club (weapon)
Armour
 a - a +0 robe
 b - a +0 tower shield
 d - a +0 ring mail (worn)
Jewellery
 k - a ring of see invisible (left hand)
Scrolls
 c - 2 scrolls of teleportation {unknown}
 e - 2 scrolls of remove curse {unknown}
 f - 3 scrolls of amnesia {unknown}
 g - 3 scrolls of identify {unknown}
Potions
 i - 2 potions of cancellation {unknown}
 j - a potion of berserk rage {unknown}


   Skills:
 + Level 1.3 Fighting
 - Level 1.7 Dodging
 - Level 2.4 Stealth
 + Level 2.6 Spellcasting
 * Level 4.5 Ice Magic


You had 6 spell levels left.
You knew the following spells:

 Your Spells              Type           Power        Failure   Level
a - Freeze                Ice            60%          8%          1

Your spell library contained the following spells:

 Spells                   Type           Power        Failure   Level
 Frozen Ramparts          Ice            30%          22%         3
 Ozocubu's Armour         Ice            15%          22%         3
 Hailstorm                Conj/Ice       8%           88%         4
 Summon Ice Beast         Ice/Summ       8%           88%         4


Dungeon Overview and Level Annotations

Branches:
Dungeon (2/15)

Altars:


Innate Abilities, Weirdness & Mutations

You cannot be hasted, slowed, berserked, paralysed or teleported.
You can dig through walls and to a lower floor.
Your four strong arms can wield two-handed weapons with a shield.
You have a pair of large antennae on your head. (SInv)


Message History

The gnoll barely misses you. The gnoll hits you with a +0 halberd!
Casting: Freeze (safe; 8% risk of failure)
Confirm with . or Enter, or press ? or * to list all spells.
Aiming: Freeze (safe; 8% risk of failure)
Press: ? - help, Shift-Dir - straight line, f - gnoll
Aim: a gnoll, wielding a +0 halberd You miscast Freeze.
You are very lightly contaminated with residual magic.
Nothing appears to happen.
Casting: Freeze (safe; 8% risk of failure)
Confirm with . or Enter, or press ? or * to list all spells.
Aiming: Freeze (safe; 8% risk of failure)
Press: ? - help, Shift-Dir - straight line, f/p - gnoll
Aim: a gnoll, wielding a +0 halberd You freeze the gnoll.
The gnoll is lightly wounded.
The gnoll hits you with a +0 halberd!!
Ouch! That really hurt!
You die...

{{ { ### ..#
#.# #.# ###
#########g#...#
#....@g.#'#...#
#.#####.......#
#..........##
#.###......#
#......#
#.#######
#.......#
#########.#
{#.........#


You could see a gnoll.

Vanquished Creatures
  An adder (D:2)
  A leopard gecko (D:1)
  3 bats (D:1)
  A goblin (D:1)
  5 hobgoblins (D:1)
  A ball python (D:2)
  A frilled lizard (D:2)
  4 kobolds
  6 rats (D:1)
23 creatures vanquished.

Notes
Turn   | Place    | Note
-------+----------+-------------------------------------------
     0 | D:1      | RepoMan the Formicid Ice Elementalist began the quest for
                  | the Orb.
     0 | D:1      | Reached XP level 1. HP: 13/13 MP: 3/3
   292 | D:1      | Reached XP level 2. HP: 17/20 MP: 0/5
   626 | D:1      | Reached skill level 1 in Fighting
   730 | D:1      | Reached XP level 3. HP: 26/26 MP: 4/6
   964 | D:2      | Slain by a gnoll

Illustrated notes

Levels and vault maps discovered:
D:1:      dpeg_arrival_tiny_d, layout_basic, serial_park_tiny_1
D:2:      minmay_roachtagon, layout_basic, chequers_serial_rivers_marsh,
          uniq_crazy_yiuf_cottage

Skill      XL: |  1  2 |
---------------+-------+-----
Fighting       | 1 |  1.3
Dodging        | |  1.7
Stealth        | |  2.4
Spellcasting   | |  2.6
Ice Magic      | |  4.5

Action                   || total
-------------------------++-------
Melee: Unarmed           ||    12
       Club              ||    20
 Cast: Freeze            ||    24
 Abil: Dig               ||     3
 Stab: Sleeping          ||     1
Armor: Robe              ||     4
       Ring mail         ||    12
Dodge: Dodged            ||    21
